Map: Kairos Junction LE

Players

IIIIIIIIIII - Winner!

  • Race: Zerg Zerg
  • Spawn Location: 5:00

InZaNe

  • Race: Terran Terran
  • League: Grandmaster
  • Spawn Location: 11:00

VOD

Have the link to the VOD?

Description

Time

  • Played on: Jan. 22, 2019, 7:23 a.m.
  • Length: 11:54
Show
View Real Time Build Order
Export as new Build Order

IIIIIIIIIII Zerg - Winner!

Build Orders: Pool First 

Get SALT Encoding   

  12  0:01  Drone  
  13  0:13  Overlord  
  13  0:17  Drone  
  14  0:32  Drone x2  
  16  0:42  Spawning Pool  
  16  0:45  Drone  
  16  0:47  Drone  
  17  1:08  Hatchery  
  17  1:11  Drone  
  17  1:29  Zergling x6  
  17  1:30  Queen  
  22  1:33  Extractor  
  21  1:44  Overlord  
  21  1:51  Drone  
  22  2:02  Drone  
  22  2:06  Queen  
  25  2:14  Drone  
  26  2:22  Drone  
  27  2:25  Drone  
  28  2:31  Drone  
  28  2:36  Drone, Metabolic Boost  
  30  2:37  Drone  
  30  2:38  Drone x2  
  33  2:49  Hatchery  
  32  2:54  Overlord  
  32  3:02  Queen  
  34  3:06  Drone  
  34  3:07  Drone  
  36  3:14  Drone x2  
  36  3:16  Drone  
  36  3:17  Drone  
  36  3:19  Drone  
  41  3:23  Overlord  
  41  3:31  Queen  
  43  3:35  Overlord  
  43  3:38  Drone  
  43  3:40  Queen  
  46  3:43  Drone x2  
  48  3:50  Drone x3  
  51  3:59  Overlord  
  51  4:01  Queen  
  53  4:03  Zergling x4  
  53  4:06  Zergling x2  
  53  4:07  Zergling x2  
  53  4:08  Drone  
  58  4:12  Overlord  
  58  4:13  Drone x2  
  60  4:17  Drone x2  
  60  4:19  Drone  
  60  4:24  Queen  
  62  4:27  Drone  
  62  4:28  Drone x2  
  62  4:30  Drone  
  62  4:31  Drone  
  69  4:34  Overlord  
  69  4:35  Drone  
  70  4:43  Drone  
  70  4:45  Lair  
  71  4:46  Spore Crawler x2  
  71  4:49  Drone  
  71  4:50  Baneling Nest  
  71  4:52  Drone  
  70  4:53  Extractor x2, Drone  
  70  4:54  Drone  
  70  4:55  Drone  
  70  4:57  Zergling x2  
  70  4:59  Drone x2  
  74  5:01  Drone  
  74  5:04  Drone x2  
  77  5:08  Drone x2, Spore Crawler  
  77  5:11  Drone x2  
  80  5:16  Drone x2  
  80  5:19  Drone x2  
  80  5:20  Drone x2  
  86  5:23  Drone  
  86  5:25  Drone  
  88  5:30  Extractor  
  88  5:31  Extractor  
  88  5:32  Evolution Chamber  
  88  5:34  Evolution Chamber  
  88  5:35  Queen  
  84  5:37  Zergling x4  
  84  5:38  Drone  
  89  5:45  Overlord  
  89  5:51  Extractor, Centrifical Hooks  
  89  5:54  Hydralisk Den  
  87  5:59  Zerg Ground Armor Level 1  
  87  6:01  Overlord x2  
  87  6:06  Overlord  
  87  6:07  Drone x3  
  87  6:08  Drone x3, Hatchery  
  87  6:09  Drone x2  
  87  6:10  Overlord  
  87  6:11  Overlord, Pneumatized Carapace  
  94  6:17  Zergling x6  
  97  6:23  Queen  
  99  6:26  Baneling x2  
  99  6:27  Zerg Melee Weapons Level 1  
  99  6:29  Hydralisk x4  
  107  6:34  Overseer  
  107  6:35  Overlord  
  107  6:36  Overlord  
  107  6:38  Grooved Spines  
  107  6:44  Hydralisk x2  
  111  6:48  Drone x4  
  111  6:53  Hydralisk x3  
  121  6:56  Zergling x8  
  121  7:01  Overlord  
  125  7:06  Baneling  
  125  7:07  Baneling x4, Zergling x6  
  125  7:08  Infestation Pit, Zergling x2  
  128  7:15  Zergling x6  
  129  7:16  Baneling x5  
  129  7:21  Drone x4  
  135  7:29  Drone x7  
  142  7:32  Extractor  
  142  7:33  Extractor  
  140  7:43  Hydralisk x3  
  144  7:47  Drone x3  
  144  7:48  Drone  
  148  7:53  Baneling x4, Overlord  
  148  7:54  Hive  
  148  7:56  Spire  
  148  7:57  Zerg Missile Weapons Level 1  
  148  7:58  Overlord  
  147  8:04  Zergling x8  
  151  8:05  Overlord  
  151  8:08  Overlord  
  151  8:10  Overlord  
  151  8:11  Overlord  
  151  8:13  Overlord  
  151  8:15  Overlord  
  151  8:18  Hydralisk x5  
  151  8:19  Zergling x2  
  147  8:20  Hydralisk  
  147  8:23  Zerg Melee Weapons Level 2  
  137  8:27  Zergling x2  
  137  8:28  Zergling x8  
  137  8:30  Zergling x4  
  137  8:31  Zergling x4  
  128  8:37  Hydralisk  
  128  8:38  Baneling x4, Hydralisk x2  
  134  8:42  Hydralisk x2  
  134  8:43  Zergling x2  
  134  8:45  Hydralisk  
  134  8:46  Zergling x2  
  134  8:47  Baneling x3  
  140  8:49  Hydralisk  
  140  8:50  Zergling x2  
  140  8:52  Hydralisk  
  140  8:53  Zergling x4  
  144  8:58  Hydralisk x2  
  144  8:59  Zergling x4  
  144  9:02  Zergling x6  
  141  9:05  Zergling x6  
  136  9:11  Hydralisk  
  136  9:12  Zergling x8  
  139  9:17  Greater Spire  
  139  9:23  Zergling x14  
  146  9:34  Overlord  
  146  9:37  Corruptor x4  
  154  9:49  Corruptor x2  
  154  9:50  Hatchery  
  157  10:03  Corruptor x2  
  157  10:05  Queen  
  157  10:06  Queen x2  
  167  10:10  Overlord  
  167  10:12  Overlord  
  165  10:16  Muscular Augments  
  165  10:18  Queen  
  165  10:20  Overlord  
  165  10:26  Overlord  
  158  10:35  Brood Lord x5  
  168  10:38  Brood Lord  
  168  10:41  Queen  
  172  10:45  Brood Lord  
  172  10:46  Zergling x22  
  185  10:56  Overlord  
  180  10:57  Overlord  
  161  11:05  Hydralisk x8  
  160  11:20  Zergling x30  
  171  11:25  Hydralisk x2  
  171  11:26  Hydralisk  
Show
View Real Time Build Order
Export as new Build Order

InZaNe Terran 

Build Orders: Reaper Expand, Mech 

Get SALT Encoding   

  12  0:00  SCV  
  13  0:12  SCV  
  14  0:17  Supply Depot  
  14  0:24  SCV  
  15  0:38  SCV  
  15  0:39  Barracks  
  16  0:43  Refinery  
  16  0:50  SCV  
  17  1:03  SCV  
  18  1:15  SCV  
  19  1:26  Reaper  
  19  1:27  Orbital Command  
  20  1:40  Command Center  
  20  1:50  Supply Depot  
  20  1:52  SCV  
  21  1:58  Marine  
  22  2:05  SCV  
  23  2:10  Factory  
  23  2:17  SCV  
  23  2:20  Barracks Reactor  
  24  2:29  SCV  
  25  2:39  Command Center  
  25  2:42  SCV  
  26  2:52  Orbital Command  
  26  2:57  Marine x2  
  28  3:00  Hellion  
  30  3:06  Bunker  
  30  3:08  SCV  
  31  3:18  SCV  
  32  3:20  SCV  
  32  3:24  Barracks Tech Lab  
  33  3:30  SCV, Hellion x2  
  33  3:32  SCV  
  39  3:37  Supply Depot  
  39  3:44  SCV x2  
  41  3:48  Refinery  
  41  3:51  Orbital Command  
  45  3:56  SCV, Barracks Tech Lab, Hellion x2  
  45  3:57  SCV  
  45  4:02  Refinery  
  47  4:08  SCV  
  48  4:11  SCV  
  48  4:12  Factory  
  48  4:15  Factory  
  49  4:18  SCV  
  49  4:20  SCV  
  49  4:22  Hellion  
  49  4:23  SCV  
  52  4:25  Hellion  
  52  4:30  SCV  
  55  4:32  SCV  
  55  4:36  Supply Depot  
  56  4:38  SCV  
  56  4:41  Refinery  
  56  4:42  SCV  
  56  4:45  SCV, Hellion  
  61  4:46  Hellion  
  61  4:50  SCV  
  64  4:58  Orbital Command  
  64  4:59  Armory x2  
  64  5:00  SCV  
  64  5:02  Cyclone  
  64  5:03  SCV  
  64  5:07  Supply Depot  
  69  5:12  SCV  
  70  5:14  Cyclone  
  70  5:15  Hellion x2  
  75  5:23  SCV  
  75  5:24  SCV  
  77  5:28  SCV  
  77  5:30  Supply Depot  
  77  5:32  Infernal Pre-Igniter  
  77  5:35  SCV  
  79  5:36  SCV, Cyclone  
  79  5:40  SCV  
  84  5:46  Hellion x2  
  84  5:47  SCV  
  84  5:48  SCV  
  84  5:49  Hellion  
  92  5:52  SCV  
  92  5:53  Refinery, Mag-Field Accelerator  
  93  5:58  Refinery  
  93  5:59  SCV, Terran Vehicle And Ship Armor Level 1, Terran Vehicle Weapons Level 1  
  93  6:01  SCV  
  95  6:07  SCV, Hellion  
  95  6:10  Supply Depot  
  99  6:11  SCV, Supply Depot  
  99  6:13  SCV  
  99  6:14  Hellion  
  102  6:20  SCV  
  102  6:23  SCV  
  102  6:25  SCV  
  105  6:29  Supply Depot  
  105  6:30  Supply Depot  
  105  6:31  Hellion  
  105  6:32  SCV  
  108  6:35  SCV  
  108  6:37  Hellion  
  111  6:40  Barracks Reactor  
  111  6:42  Factory  
  111  6:44  Factory, Siege Tank  
  114  6:49  Siege Tank  
  117  6:56  Hellion  
  117  6:57  Supply Depot  
  117  6:58  Supply Depot x2  
  119  7:04  Hellion  
  121  7:18  Siege Tank  
  121  7:19  Hellion  
  121  7:22  Supply Depot  
  124  7:23  Engineering Bay  
  124  7:25  Siege Tank  
  127  7:30  Factory Tech Lab  
  127  7:31  Hellion  
  127  7:34  Supply Depot x2  
  129  7:38  Hellion x2  
  133  7:45  Command Center  
  133  7:46  Starport  
  133  7:49  Siege Tank  
  136  7:52  Sensor Tower  
  136  7:55  Supply Depot x2  
  136  7:56  Siege Tank  
  139  8:03  Siege Tank  
  142  8:10  Hellion x2  
  142  8:11  Hellion x2  
  134  8:23  Siege Tank  
  134  8:24  Starport Reactor  
  119  8:30  Siege Tank  
  119  8:33  Smart Servos  
  114  8:36  Siege Tank  
  114  8:37  Hellion x4  
  124  9:02  Siege Tank  
  102  9:10  Siege Tank  
  102  9:11  Hellion x4  
  102  9:16  Planetary Fortress  
  105  9:17  SCV x3  
  105  9:19  Refinery  
  105  9:23  Viking x2, Terran Vehicle Weapons Level 2  
  111  9:25  Terran Vehicle And Ship Armor Level 2  
  111  9:29  SCV x3  
  111  9:33  Refinery  
  111  9:34  Hellion  
  111  9:35  Hellion x5  
  123  9:41  SCV x2  
  123  9:42  Missile Turret  
  123  9:43  Hellion  
  119  9:55  Hellion  
  119  9:56  Factory  
  119  9:58  Factory, Siege Tank  
  119  9:59  Factory  
  124  10:01  Viking  
  124  10:03  Viking  
  128  10:16  Siege Tank x2  
  134  10:27  Hellion x2  
  136  10:31  Hellion x2  
  140  10:40  Starport x2  
  140  10:41  Viking x2  
  140  10:42  Factory Tech Lab x2  
  144  10:43  Factory Reactor  
  144  10:49  Hellion x2  
  154  10:52  Widow Mine  
  149  11:16  Hellion x2  
  146  11:18  Viking x2  
  146  11:20  Starport Reactor  
  146  11:21  Starport Reactor  
  141  11:29  Hellion  
  141  11:30  Hellion x3  
Tags
 
Add a new tag
Caveats
  • Supply blocks, unpowered buildings, or Contaminate may cause inaccurate times.
  • Supply counts are checked every 10 seconds.